Map: Galactic Process LE

Players

Nickos - Winner!

  • Race: Terran Terran
  • League: Gold

thooks

  • Race: Zerg Zerg
  • League: Gold

VOD

Have the link to the VOD?

Description

Time

  • Played on: Sept. 22, 2016, 5:01 a.m.
  • Length: 12:29
Show
View Real Time Build Order
Export as new Build Order

Nickos Terran - Winner!

Build Orders: MMM Bio 

Get SALT Encoding   

  12  0:01  SCV  
  13  0:13  SCV  
  14  0:17  Supply Depot  
  14  0:25  SCV  
  15  0:38  SCV  
  15  0:39  Barracks  
  16  0:50  SCV  
  17  1:02  SCV  
  18  1:15  SCV  
  19  1:20  Command Center  
  19  1:29  Orbital Command  
  19  1:33  Marine  
  20  1:40  Supply Depot  
  20  1:51  Marine  
  21  1:56  SCV  
  22  2:08  SCV  
  22  2:09  Barracks, Marine  
  22  2:14  Barracks  
  24  2:20  SCV  
  25  2:27  Marine  
  26  2:33  SCV  
  26  2:35  Bunker  
  27  2:42  Orbital Command  
  26  2:45  Marine, SCV  
  28  2:52  Refinery  
  28  2:54  Refinery  
  28  2:57  SCV  
  29  3:03  Marine  
  30  3:07  Marine x2  
  30  3:09  SCV  
  33  3:13  SCV  
  34  3:21  Marine, SCV  
  34  3:25  SCV  
  38  3:33  Barracks Tech Lab, SCV  
  39  3:37  SCV  
  39  3:39  Marine  
  39  3:40  Barracks Reactor  
  40  3:45  SCV  
  41  3:49  SCV  
  42  3:57  SCV  
  42  3:58  Stimpack  
  42  4:01  Supply Depot  
  42  4:02  SCV  
  44  4:03  Supply Depot  
  44  4:07  Refinery  
  44  4:09  SCV  
  45  4:14  Barracks Reactor, SCV  
  46  4:22  SCV, Marauder, Marine x2  
  51  4:26  Engineering Bay  
  51  4:27  SCV  
  51  4:28  Barracks  
  51  4:29  Barracks  
  52  4:34  SCV  
  53  4:39  SCV  
  53  4:40  Marine x2  
  53  4:43  Marine  
  57  4:46  SCV  
  57  4:48  Engineering Bay, Supply Depot  
  57  4:51  SCV  
  57  4:52  Terran Infantry Weapons Level 1  
  59  4:53  Marine x2  
  59  4:57  Marine  
  59  4:58  SCV  
  63  5:02  Marauder  
  63  5:03  Marine  
  63  5:05  Factory  
  63  5:06  SCV  
  67  5:11  Marine x2, SCV  
  70  5:17  Terran Infantry Armor Level 1  
  70  5:18  Bunker  
  70  5:20  Barracks Tech Lab x2  
  70  5:23  Marine x2  
  70  5:25  Marauder  
  70  5:26  SCV x2  
  75  5:38  SCV x2  
  77  5:45  Bunker  
  77  5:46  Marine  
  78  5:52  Refinery  
  78  5:55  Factory Reactor  
  78  6:01  Starport  
  78  6:08  Marine x5  
  78  6:09  Supply Depot, SCV  
  78  6:11  SCV  
  85  6:14  Marine  
  86  6:27  Combat Shields  
  86  6:30  Marine  
  86  6:31  SCV x2  
  89  6:38  Marine  
  89  6:39  Marine x3  
  93  6:43  SCV  
  94  7:07  Armory  
  94  7:22  Command Center  
  94  7:33  Supply Depot  
  94  7:41  Supply Depot  
  94  7:43  Medivac x2, SCV, Supply Depot, Marine x3  
  102  7:44  SCV, Marine  
  102  7:45  Marauder x3  
  110  7:55  SCV  
  110  7:57  SCV  
  112  8:00  Supply Depot  
  112  8:01  Marine  
  112  8:02  Marine x3  
  112  8:04  Supply Depot  
  112  8:05  Supply Depot  
  116  8:06  Marauder x3  
  121  8:13  Medivac  
  121  8:19  Marine  
  123  8:20  Marine x3  
  116  8:28  Marauder x3  
  96  8:36  Marine  
  96  8:37  Marine  
  96  8:38  Marine  
  90  8:42  Marine  
  83  8:48  Marine x3  
  83  8:50  Medivac x2  
  83  8:54  Marine  
  91  8:55  Marine x2  
  91  8:59  Command Center  
  91  9:01  Marine  
  94  9:07  Marauder x3  
  100  9:11  Orbital Command  
  100  9:12  Marine  
  100  9:13  Marine x2  
  103  9:20  Medivac x2  
  107  9:27  Refinery  
  107  9:28  Marauder x2  
  107  9:29  Marauder  
  113  9:33  Refinery  
  113  9:37  SCV x2  
  115  9:40  Marine x2  
  115  9:41  Marine  
  118  9:49  Marauder, SCV x2  
  118  9:50  Medivac, Marine x2  
  118  9:51  Marine  
  121  9:58  Marine x3  
  111  10:07  Liberator  
  111  10:08  Liberator, Marine x3  
  111  10:10  Marine  
  114  10:16  Marine x3  
  113  10:26  Marine x3  
  122  10:28  Marine  
  122  10:34  Marine x3  
  124  10:46  Marauder x3  
  127  11:00  Marine x4  
  126  11:07  Medivac, Marauder  
  126  11:08  Medivac  
  122  11:27  Marine x5  
  122  11:28  Marine x2  
  123  11:36  Planetary Fortress  
  123  11:44  Marine  
  123  11:45  Marine x3  
  123  11:46  Marauder x3  
  133  11:49  Supply Depot  
  133  11:51  Supply Depot x2  
  133  11:54  Refinery  
  133  12:02  Marine  
  133  12:07  Marauder x2  
Show
View Real Time Build Order
Export as new Build Order

thooks Zerg 

Build Orders: Hatch First 

Get SALT Encoding   

  12  0:01  Drone  
  13  0:13  Overlord  
  13  0:17  Drone  
  14  0:31  Drone x2  
  14  0:35  Drone  
  17  0:55  Hatchery  
  17  0:56  Drone  
  17  1:09  Spawning Pool  
  16  1:11  Extractor  
  16  1:13  Drone  
  16  1:17  Drone  
  17  1:20  Drone  
  18  1:29  Drone  
  19  1:39  Overlord  
  19  1:56  Zergling x2  
  19  1:57  Queen  
  22  2:02  Zergling x2  
  22  2:07  Queen  
  25  2:09  Drone  
  25  2:12  Metabolic Boost  
  26  2:21  Drone x2  
  28  2:38  Drone  
  28  2:39  Drone x2  
  31  2:49  Drone, Overlord  
  32  2:54  Queen  
  34  3:06  Drone x2  
  36  3:22  Zergling x4  
  37  3:53  Hatchery  
  37  3:55  Roach Warren  
  35  4:00  Drone x4, Evolution Chamber  
  35  4:01  Evolution Chamber, Drone, Overlord x2  
  35  4:02  Drone x2  
  40  4:06  Extractor  
  40  4:08  Extractor  
  38  4:13  Drone  
  38  4:14  Drone x2  
  38  4:15  Overlord  
  41  4:42  Drone  
  41  4:43  Drone x8  
  41  4:44  Drone  
  51  4:46  Zerg Missile Weapons Level 1  
  51  4:47  Zerg Ground Armor Level 1  
  51  5:05  Queen  
  53  5:07  Drone  
  54  5:19  Roach  
  54  5:20  Roach x7  
  70  5:40  Roach  
  70  5:41  Overlord x2  
  72  5:54  Roach  
  72  5:55  Overlord  
  74  5:58  Lair  
  74  6:03  Roach x8  
  90  6:14  Overlord  
  90  6:15  Drone x2  
  96  6:18  Roach x3  
  98  6:29  Overlord  
  98  6:42  Roach x3  
  98  6:43  Roach  
  103  6:52  Ravager x2  
  103  6:53  Ravager x3  
  108  7:29  Zerg Missile Weapons Level 2  
  108  7:31  Hatchery  
  108  7:34  Extractor  
  106  7:39  Extractor  
  106  7:41  Extractor  
  104  7:46  Roach x3  
  104  7:47  Zergling x4, Roach  
  104  7:49  Overlord x4  
  114  8:05  Overlord x2  
  114  8:23  Zergling x10  
  117  8:30  Zergling x2  
  117  8:31  Zergling x16  
  117  8:32  Zergling x12  
  86  8:54  Queen  
  86  8:59  Drone x6  
  86  9:00  Drone  
  93  9:17  Drone  
  93  9:18  Drone x6  
  100  9:37  Drone x5  
  89  9:53  Roach x4  
  89  9:54  Roach x6  
  89  9:58  Queen  
  105  10:01  Roach  
  90  10:17  Spine Crawler x2  
  82  10:26  Roach x5  
  82  10:27  Roach x2  
  96  10:33  Roach x7  
  96  10:34  Roach  
  112  10:41  Zergling x6  
  97  10:51  Queen x2  
  97  10:52  Queen  
  83  11:04  Zergling x4  
  83  11:05  Zergling x16  
  85  11:11  Queen  
  85  11:17  Zergling x2  
  85  11:18  Zergling x12  
  88  11:23  Zergling x2  
  83  11:39  Zergling x6  
  88  11:40  Zergling x8  
  90  11:47  Hatchery  
  89  11:54  Infestation Pit  
  84  12:11  Spine Crawler  
  84  12:13  Spine Crawler  
Tags
 
Composition
MMM Bio
League
GoldGold
Matchup
TvZ
Replay Pack
Nickos replay
Add a new tag
Caveats
  • Supply blocks, unpowered buildings, or Contaminate may cause inaccurate times.
  • Supply counts are checked every 10 seconds.